 Dungeon Crawl Stone Soup version 0.26-a0-844-g3dd439832f (webtiles) character file.

Game seed: 5440028942758939345

116 pablito the Grasshopper (level 5, -5/40 HPs)
             Began as a Barachi Warper on Nov 18, 2020.
             Was an Initiate of Wu Jian.
             Slain by an ogre
             ... wielding a +0 giant club
              (32 damage)
             ... on level 3 of the Dungeon.
             The game lasted 00:10:31 (2950 turns).

pablito the Grasshopper (Barachi Warper)            Turns: 2950, Time: 00:10:32

Health: -5/40      AC:  3    Str: 12    XL:     5   Next: 0%
Magic:  8/8        EV: 13    Int: 13    God:    Wu Jian [......]
Gold:   118        SH:  0    Dex: 13    Spells: 3/8 levels left

rFire    . . .     SeeInvis .   a - +0 falchion
rCold    . . .     Faith    .   (no shield)
rNeg     . . .     Spirit   .   b - +0 leather armour
rPois    .         Reflect  .   (no helmet)
rElec    .         Harm     .   (no cloak)
rCorr    .         Rampage  .   (no gloves)
MR       .....                  (no boots)
Stlth    +.........             (no amulet)
HPRegen  0.13/turn              (no ring)
MPRegen  0.11/turn              (no ring)

@: slow
A: +LOS, swims, slowness 1, strong legs 1
a: Hop, Renounce Religion


You were on level 3 of the Dungeon.
You worshipped Wu Jian.
Wu Jian was noncommittal.
You visited 1 branch of the dungeon, and saw 3 of its levels.

You collected 118 gold pieces.

Inventory:

Hand Weapons
 a - a +0 falchion (weapon)
Missiles
 e - 5 boomerangs of dispersal
 f - 3 silver javelins (quivered)
 n - 2 curare-tipped darts
Armour
 b - a +0 leather armour (worn)
Scrolls
 d - a scroll of blinking
 h - 3 scrolls of remove curse {unknown}
 i - 2 scrolls of identify {unknown}
 j - a scroll of enchant armour {unknown}
 k - a scroll of magic mapping {unknown}
 l - a scroll of teleportation {unknown}
Potions
 c - 2 potions of lignification {unknown}
 g - 2 potions of heal wounds {unknown}
 m - a potion of mutation {unknown}
 o - a potion of magic {unknown}
 p - a potion of haste {unknown}


   Skills:
 + Level 2.8 Fighting
 + Level 3.8 Long Blades
 - Level 1.0 Throwing
 + Level 1.7 Armour
 + Level 3.5 Dodging
 - Level 2.1 Spellcasting
 + Level 4.2 Translocations


You had 3 spell levels left.
You knew the following spells:

 Your Spells              Type           Power        Failure   Level
a - Blink                 Tloc           N/A          9%          2
b - Lesser Beckoning      Tloc           ##........   17%         3

Your spell library contained the following spells:

 Spells                   Type           Power        Failure   Level
 Gell's Gravitas          Tloc           ##........   17%         3
 Teleport Other           Tloc           ##......     17%         3
 Passage of Golubria      Tloc           N/A          50%         4


Dungeon Overview and Level Annotations

Branches:
Dungeon (3/15)

Altars:
Ru
Wu Jian


Innate Abilities, Weirdness & Mutations

You can be seen from farther away. (+LOS)
You can swim through water.
You cover ground slowly.
You can hop short distances.


Message History

The ogre barely misses you.
You barely miss the ogre.
The ogre is lightly wounded.
You barely miss the ogre.
The ogre is lightly wounded.
The ogre misses you.
You hit the ogre.
The ogre is moderately wounded.
The ogre barely misses you.
You hit the ogre but do no damage.
The ogre is moderately wounded.
The ogre misses you.
You hit the ogre.
The ogre is heavily wounded.
The ogre barely misses you.
You slash the ogre!
The ogre is severely wounded.
The ogre hits you with a +0 giant club!!
Ouch! That really hurt!
You die...

..#..#...###.#...........#
#.##...###(..##.#........##
#.###...#..#...........#
#.#........##........#.#
#...........#..O........
##.#..).....##......!.#
#...........#..#...#
##........#.##...#
#..........@Ol###
##........##### #..#...###
##...### #.### #.# . ##


You could see an ogre and a leopard gecko.

Vanquished Creatures
  A worker ant (D:2)
  2 adders (D:3)
  An ooze (D:2)
  2 worms
  4 dart slugs
  A leopard gecko (D:2)
  An orc (D:3)
  A ball python (D:2)
  3 giant cockroaches
  9 goblins
  6 hobgoblins
  3 quokkas (D:3)
  8 bats
  A frilled lizard (D:2)
  3 kobolds
  7 rats
53 creatures vanquished.

Notes
Turn   | Place    | Note
-------+----------+-------------------------------------------
     0 | D:1      | pablito the Barachi Warper began the quest for the Orb.
     0 | D:1      | Reached XP level 1. HP: 17/17 MP: 3/3
   391 | D:1      | Reached XP level 2. HP: 23/23 MP: 5/5
   394 | D:1      | Learned a level 2 spell: Blink
  1188 | D:2      | Reached skill level 4 in Translocations
  1188 | D:2      | Reached XP level 3. HP: 10/28 MP: 6/6
  1448 | D:2      | Learned a level 3 spell: Lesser Beckoning
  1670 | D:2      | Reached XP level 4. HP: 28/34 MP: 7/7
  2040 | D:2      | Found a faded altar of an unknown god.
  2244 | D:2      | Found a sacrificial altar of Ru.
  2253 | D:2      | Became a worshipper of Ru the Awakened
  2358 | D:3      | Found an ornate altar of the Wu Jian Council.
  2371 | D:3      | Fell from the grace of Ru
  2371 | D:3      | Became a worshipper of the Wu Jian Council
  2920 | D:3      | Noticed an ogre
  2939 | D:3      | Reached XP level 5. HP: 33/40 MP: 8/8
  2950 | D:3      | Slain by an ogre

Illustrated notes

Levels and vault maps discovered:
D:1:      zaba_arrival_water, layout_loops_ring
D:2:      layout_loops_ring, lemuel_crystal_altar,
          chequers_ecumenical_altar_simple_redux
D:3:      minmay_skewed_foursquare, layout_basic, old_standard_altar,
          minmay_between

Skill      XL: |  1  2 |
---------------+-------+-----
Long Blades    | 3 |  3.8
Dodging        | 3 |  3.5
Translocations | 4 |  4.2
Fighting       | |  2.8
Throwing       | |  1.0
Armour         | |  1.7
Spellcasting   | |  2.1

Action                   |  1- 3 |  4- 6 || total
-------------------------+-------+-------++-------
Melee: Falchion          |    85 |   115 ||   200
Throw: Javelin           |       |     1 ||     1
Invok: Lunge             |       |    11 ||    11
 Abil: Hop               |     1 |     2 ||     3
Armor: Leather armour    |    16 |    24 ||    40
Dodge: Dodged            |    62 |    91 ||   153
       Rpst.: Falchion   |    14 |    29 ||    43

Table legend: (Time is in decaauts)
 A = Elapsed time spent in this place.
 B = Non-inter-level travel time spent in this place.
 C = Inter-level travel time spent in this place.
 D = Time resting spent in this place.
 E = Time spent auto-exploring this place.
 F = Levels seen in this place.
 G = Mean time per level.
                   A        B        C        D        E       F      G
               +--------+--------+--------+--------+--------+-----+--------+
         Total |   3249 |   3139 |    110 |    333 |   2250 |   3 | 1083.0 |
       Dungeon |   3249 |   3139 |    110 |    333 |   2250 |   3 | 1083.0 |
               +--------+--------+--------+--------+--------+-----+--------+

Top non-repeatable levels by time:
     D:2: 1625 daAuts
     D:1: 971 daAuts
     D:3: 653 daAuts
